[Event "Early-Titled-Tuesday-Blitz-July-09-2024"]
[Site "Chess.com"]
[Date "2024.07.09"]
[Round "3"]
[White "brm72"]
[Black "Cherepov_Alexej"]
[Result "1-0"]
[WhiteElo "2669"]
[BlackElo "2444"]
[TimeControl "180+1"]
[EndTime "8:30:21 PDT"]
[Termination "brm72 won on time"]

1. e4 Nf6 2. e5 Nd5 3. d4 d6 4. Nf3 Bg4 5. Be2 c6 6. O-O Bxf3 7. Bxf3 dxe5 8. dxe5 e6 9. c4 Ne7 10. Qc2 Ng6 11. Re1 Nd7 12. Nc3 Ngxe5 13. Be2 Qh4 14. g3 Qh3 15. Bf4 Be7 16. Rad1 h5 17. Qe4 Ng4 18. Qg2 Qxg2+ 19. Kxg2 O-O-O 20. Ne4 e5 21. Bg5 f6 22. Bc1 Nc5 23. Nc3 f5 24. Bxg4 hxg4 25. Rxe5 Rxd1 26. Nxd1 Nd3 27. Rxe7 Nxc1 28. Rxg7 Nxa2 29.
Rf7 Nb4 30. Rxf5 Rg8 31. f3 gxf3+ 32. Rxf3 a5 33. h4 b5 34. cxb5 cxb5 35. Rf5 Nc6 36.
Rxb5 Kc7 37. Ne3 Nd4 38. Rd5 Ne2 39. Rg5 Re8 40. Kf3 Nd4+ 41. Kf2 a4 42. h5 Ne6 43. Rg4 Rf8+ 44. Kg2 Rh8 45. Rh4 Ng5 46. h6 Kd6 47. Nf5+ Ke5 48. Ne3 Nf7 49. Rxa4 1-0

[Event "Early-Titled-Tuesday-Blitz-July-09-2024"]
[Site "Chess.com"]
[Date "2024.07.09"]
[Round "3"]
[White "Djager97"]
[Black "Massakru"]
[Result "1-0"]
[WhiteElo "2615"]
[BlackElo "2393"]
[TimeControl "180+1"]
[EndTime "8:30:21 PDT"]
[Termination "Djager97 won on time"]

1. e4 e5 2. Nf3 Nc6 3. Nc3 Nf6 4. Bb5 Nd4 5. Nxd4 exd4 6. e5 dxc3 7. exf6 cxd2+ 8.
Bxd2 Qxf6 9. O-O Bc5 10. Bc3 Qg6 11. Re1+ Kd8 12. Qd5 d6 13. Qxc5 dxc5 14. Rad1+ Qd6 15. Bxg7 Be6 16. Rxd6+ cxd6 17. Bxh8 Kc7 18. Bf6 a6 19. Bd3 h5 20. a4 b5 21. axb5 c4 22. b6+ Kxb6 23.
Bd4+ Kc6 24. Bf1 Rg8 25. g3 h4 26. Bg2+ d5 27. Ra1 Kb5 28. Bc3 hxg3 29. hxg3 Kb6 30. b3 cxb3 31. Rb1 d4 32. Bxd4+ Kb5 33. cxb3 Kb4 34. Ra1 a5 35. Ra4+ Kxb3 36. Rxa5 Rd8 37. Be3 Rd1+ 38. Kh2 Rd8 39. Rc5 Rh8+ 40. Kg1 Kb4 41.
Rc7 Rd8 42. Bf3 Rd3 43. Kg2 Rd8 44. g4 Rg8 45. Kg3 f5 46. g5 Rd8 47. Kf4 Rh8 48.
g6 Rh4+ 49. Kg5 Rh3 50. Kf6 Bb3 51. Rb7+ Kc3 52. Rxb3+ Kxb3 53. Bd5+ Kc3 54. g7 1-0

[Event "Early-Titled-Tuesday-Blitz-July-09-2024"]
[Site "Chess.com"]
[Date "2024.07.09"]
[Round "3"]
[White "ncofre98"]
[Black "Me_ch_an"]
[Result "1-0"]
[WhiteElo "2537"]
[BlackElo "2307"]
[TimeControl "180+1"]
[EndTime "8:30:22 PDT"]
[Termination "ncofre98 won on time"]

1. e4 c5 2. Nf3 e6 3. d3 Nf6 4. g3 d5 5. Nbd2 Nc6 6. Bg2 e5 7.
exd5 Nxd5 8. O-O Be6 9. Nc4 f6 10. a4 Be7 11. Re1 O-O 12. c3 Qd7 13. Nfd2 b6 14.
Ne4 a6 15. a5 b5 16. Ne3 Rad8 17. Nxd5 Bxd5 18. Be3 Bxe4 19. dxe4 Qxd1 20. Rexd1 Rxd1+ 21.
Rxd1 Rd8 22. Rxd8+ Nxd8 23. Bh3 Nc6 24. Bc8 Nxa5 25. Bxa6 b4 26. Kf1 Kf7 27. Ke2 Ke6 28. h4 Kd6 29. Kd3 bxc3 30. bxc3 Kc6 31. h5 g6 32. g4 Kc7 33. Bb5 gxh5 34. gxh5 Nb7 35. Bc4 Kd6 36. Bd5 Nd8 37. f3 Bf8 38. Kc4 h6 39. Kb5 Kd7 40. Bxc5 Bg7 41. Bb6 Ke7 42. c4 Kd7 43. c5 Ke7 44. c6 Kd6 45. Bc5+ 1-0

[Event "Early-Titled-Tuesday-Blitz-July-09-2024"]
[Site "Chess.com"]
[Date "2024.07.09"]
[Round "3"]
[White "Kazmin_Semyon"]
[Black "MarlonJodar"]
[Result "0-1"]
[WhiteElo "2579"]
[BlackElo "2383"]
[TimeControl "180+1"]
[EndTime "8:30:25 PDT"]
[Termination "MarlonJodar won by resignation"]

1. e4 e5 2. Nf3 Nc6 3. g3 Nf6 4. d3 d5 5. Nbd2 dxe4 6. dxe4 Bc5 7. Bg2 O-O 8. O-O Re8 9. c3 a5 10. a4 Bg4 11. h3 Be6 12. Qe2 Qd7 13. Kh2 Rad8 14.
Nc4 Qd3 15. Qxd3 Rxd3 16. Ncxe5 Nxe5 17. Nxe5 Rdd8 18. Bg5 Bb3 19. Ng4 Be7 20. Nxf6+ Bxf6 21. Bxf6 gxf6 22. Ra3 Bc4 23. Rb1 Rd2 24. b3 Bd3 25.
Rba1 Rxf2 26. R3a2 Rxa2 27. Rxa2 c6 28. g4 Kf8 29. Rd2 Bxe4 30. Bxe4 Rxe4 31. Rd7 Re2+ 32. Kg3 Re3+ 33. Kh4 b5 34. axb5 cxb5 35. Rb7 Rxc3 36. Rxb5 Kg7 37. g5 fxg5+ 38. Rxg5+ Kf6 39. Rb5 h6 40. Kg4 Kg7 41. h4 Kg6 42. Rb6+ Kg7 43. Kh5 Rc5+ 44. Kg4 h5+ 45. Kf4 f6 46. Rb8 Kg6 47.
Rg8+ Kf7 48. Rh8 Kg6 49. Rb8 Rf5+ 50. Ke4 Re5+ 51. Kf4 Rc5 52. Rb6 Rc1 53. Rb5 Ra1 54. Rc5 a4 55. b4 a3 56. Ra5 a2 57. Kg3 Rg1+ 58. Kh2 a1=Q 0-1

[Event "Early-Titled-Tuesday-Blitz-July-09-2024"]
[Site "Chess.com"]
[Date "2024.07.09"]
[Round "3"]
[White "Zorbos"]
[Black "Gyulamiryan-koryun"]
[Result "1-0"]
[WhiteElo "2685"]
[BlackElo "1864"]
[TimeControl "180+1"]
[EndTime "8:30:26 PDT"]
[Termination "Zorbos won by resignation"]

1. d4 Nf6 2. c4 c5 3. d5 b5 4. cxb5 a6 5. e3 g6 6. Nc3 Bg7 7. a4 O-O 8. Nf3 d6 9. Be2 Nbd7 10. O-O axb5 11. Bxb5 Qa5 12. Bd2 Qc7 13. Bc6 Bb7 14. Nb5 Qc8 15. Bxb7 Qxb7 16. Bc3 Qxd5 17. Qe2 Qc6 18.
Rfc1 Rfb8 19. b3 Ne4 20. Bxg7 Kxg7 21. h4 h5 22. Qb2+ Nef6 23. Ng5 Kg8 24. Qc3 Ne5 25. f3 Nd5 26. Qd2 Nf6 27. e4 Qd7 28. Kh2 Rc8 29. Kh1 Rab8 30. Rd1 Nh7 31. Qc3 Nxg5 32. hxg5 Qe6 33. Rac1 Nc6 34. Qe3 Qe5 35. f4 Qe6 36. Qf3 Nd4 37. Nxd4 cxd4 38. f5 Qe5 39. b4 Rxc1 40. Rxc1 d5 41. exd5 Qxf5 42. Qxf5 gxf5 43.
b5 e5 44. d6 d3 45. d7 Kg7 46. Kg1 e4 47. Kf2 Rd8 48. Rc7 f4 49. b6 e3+ 50.
Ke1 Kg6 51. b7 Kxg5 52. Rc3 d2+ 53. Ke2 Rb8 54. Rd3 Rd8 55. b8=Q Rxb8 56. d8=Q+ Rxd8 57. Rxd8 Kg4 58. Rg8+ Kf5 59. a5 h4 60. Rh8 Kg4 61.
a6 h3 62. Rxh3 f5 63. a7 f3+ 64. Rxf3 f4 65. a8=Q 1-0

[Event "Early-Titled-Tuesday-Blitz-July-09-2024"]
[Site "Chess.com"]
[Date "2024.07.09"]
[Round "3"]
[White "sathvikadiga"]
[Black "sleeping_in_the_fire"]
[Result "0-1"]
[WhiteElo "2664"]
[BlackElo "2478"]
[TimeControl "180+1"]
[EndTime "8:30:26 PDT"]
[Termination "sleeping_in_the_fire won by checkmate"]

1. e4 c5 2. Nf3 d6 3. d4 cxd4 4.
Nxd4 Nf6 5. Nc3 Nc6 6. Bg5 e6 7. Qd3 Bd7 8. O-O-O a6 9. f4 Be7 10. Be2 b5 11. a3 h6 12. Bh4 Qc7 13. g4 Rc8 14. Bf2 b4 15. Nxc6 Bxc6 16. axb4 d5 17. e5 Ne4 18. Nxe4 dxe4 19. Qxa6 O-O 20. Qb6 e3 21.
Bxe3 Bxh1 22. Qxc7 Rxc7 23. Rxh1 Bxb4 24. c3 Bxc3 25. bxc3 Rxc3+ 26. Kd2 Ra3 27. Bb6 Rb8 28. Bc5 Rb2+ 29. Kc1 Rab3 30. Bc4 Rb1+ 31. Kc2 R1b2+ 32. Kc1 Rb7 33. Bd3 R2b3 34. Bc2 Rc3 35. Bd4 Rc4 36. Rd1 Rbb4 37. Be3 g6 38. f5 Rb3 39. Rd8+ Kg7 40.
f6+ Kh7 41. Bd2 Rb7 42. Rd4 Rxd4 43. Be3 Rc4 44. Kd2 Rd7+ 45. Bd3 Rdc7 46. Bxc4 Rxc4 47. Kd3 Rxg4 48. Ke2 Rg2+ 49. Kf3 Rxh2 50. Bf4 Rh5 51. Kg4 Rf5 52. Bg3 g5 53. Kh5 Rf1 54. Kg4 Kg6 55. Kh3 h5 56. Kg2 Ra1 57. Kh3 Kf5 58. Kg2 Ra2+ 59. Bf2 Kg4 60. Kg1 Kf3 61. Bc5 g4 62.
Kh1 h4 63. Bg1 g3 64. Bd4 h3 65. Bg1 h2 66. Bd4 Rd2 67. Bg1 hxg1=Q+ 68. Kxg1 Rd1# 0-1

[Event "Early-Titled-Tuesday-Blitz-July-09-2024"]
[Site "Chess.com"]
[Date "2024.07.09"]
[Round "3"]
[White "Nekoo04"]
[Black "marvinguevara"]
[Result "1-0"]
[WhiteElo "2385"]
[BlackElo "2041"]
[TimeControl "180+1"]
[EndTime "8:30:26 PDT"]
[Termination "Nekoo04 won on time"]

1. Nf3 d5 2. g3 d4 3. Bg2 c5 4. O-O Nf6 5. e3 Nc6 6. exd4 cxd4 7. c4 e6 8. d3 Be7 9. Na3 O-O 10. Nc2 a5 11.
Rb1 Bc5 12. a3 a4 13. Re1 Ra7 14.
b4 axb3 15. Rxb3 b6 16. Nb4 Bb7 17. Bd2 Ne7 18. Bg5 Ng6 19. h4 h6 20. Bxf6 Qxf6 21. h5 Ne7 22. Ne5 Rd8 23. Qc1 Bxg2 24. Kxg2 Qg5 25. Qxg5 hxg5 26. Nec6 Bxb4 27. Nxb4 Rda8 28. Nc2 Ra6 29. Reb1 Nc6 30. Rxb6 Ne5 31. Nxd4 Nxd3 32. Rxa6 Rxa6 33. Rb8+ Kh7 34. Rb3 Nc5 35. Rf3 Kg8 36. Nb5 Ra4 37. Rc3 Ne4 38. Rc1 Nc5 39. Kf3 Nd3 40.
Rc3 Ne5+ 41. Ke4 Nxc4 42. Kf3 Nd2+ 43. Kg2 Nc4 44. Nd4 Nxa3 45. Rc8+ Kh7 46. Nf3 Ra5 47. Rc7 Kg8 48. Nd4 Kh7 49. Rxf7 Nc4 50. Nxe6 Ne5 51.
Rxg7+ Kh6 52. Rxg5 1-0

[Event "Early-Titled-Tuesday-Blitz-July-09-2024"]
[Site "Chess.com"]
[Date "2024.07.09"]
[Round "3"]
[White "Evan_Attaker"]
[Black "vi_pranav"]
[Result "0-1"]
[WhiteElo "2740"]
[BlackElo "3022"]
[TimeControl "180+1"]
[EndTime "8:30:27 PDT"]
[Termination "vi_pranav won by checkmate"]

1. a3 e5 2. c4 Nf6 3. d3 g6 4. Nf3 Nc6 5. b4 d6 6. Bb2 Bg7 7. e3 O-O 8. Be2 Nh5 9. Nc3 f5 10. Qc2 Be6 11. O-O h6 12. Rac1 Nf6 13. Rfd1 Qe7 14.
Bf1 g5 15. b5 Nd8 16. Nd5 Nxd5 17. cxd5 Bxd5 18. Qxc7 Qf6 19. Nd2 Rf7 20. Qa5 b6 21. Qb4 g4 22. Rc2 Ne6 23. Qxd6 Rd8 24. Qb4 Bf8 25. Qa4 Nc5 26. Rxc5 Bxc5 27. Nc4 Re7 28. Nxe5 Rxe5 29. Bxe5 Qxe5 30. d4 Qe4 31. Qxa7 Qe7 32.
Qa6 Ra8 33. dxc5 Rxa6 34. bxa6 Qxc5 35. a7 Kg7 36. Rd4 Qa5 37. a4 Kf6 38. f4 gxf3 39. gxf3 Bxf3 40. Kf2 Be4 41. Bb5 Qxa7 42. Rd6+ Ke5 43. Rd7 Qb8 44. Re7+ Kf6 45. Rd7 Qc8 46.
Rd6+ Ke5 47. Rd2 Qc1 48. Re2 Qh1 49. Kg3 Qg1+ 50. Kh4 Qg4# 0-1

[Event "Early-Titled-Tuesday-Blitz-July-09-2024"]
[Site "Chess.com"]
[Date "2024.07.09"]
[Round "3"]
[White "kuzol"]
[Black "Losingexperience"]
[Result "1-0"]
[WhiteElo "2507"]
[BlackElo "2719"]
[TimeControl "180+1"]
[EndTime "8:30:27 PDT"]
[Termination "kuzol won on time"]

1. d4 Nf6 2. Nc3 d5 3. Bf4 g6 4. Nb5 Na6 5. e3 Bg7 6. h4 h5 7. Be2 O-O 8. Nf3 c6 9. Nc3 Nc7 10. O-O Nce8 11. Be5 Nd6 12. b3 b6 13. a4 a5 14. Ng5 Ng4 15. Bxg7 Kxg7 16. Qd2 f6 17. Nh3 e5 18. f3 Nh6 19. Nf2 Nhf5 20. dxe5 fxe5 21.
e4 Ng3 22. exd5 Nxf1 23. Bxf1 c5 24. Re1 Qxh4 25. Rxe5 Bf5 26. Nb5 Nf7 27. Re1 Rad8 28.
c4 Rfe8 29. Nc7 Rxe1 30. Qxe1 Qg3 31. Qe7 Kg8 32. Ne6 Qe5 33. f4 Qd6 34. Qf6 Bxe6 35.
dxe6 Nh8 36. Kh1 Re8 37. f5 gxf5 38. Qg5+ Kf8 39. Qxh5 Qxe6 40. Qxh8+ Kf7 41. Qh5+ Ke7 42. Qf3 Rh8+ 43. Kg1 Rd8 44. Qb7+ Rd7 45. Qf3 Qe5 46. g3 Qd4 47. Bh3 Qa1+ 48. Kg2 Qe5 49. Bxf5 Rd4 50.
g4 Rd2 51. Qb7+ Kf6 52. Qh7 Kg5 53. Qh5+ Kf4 54. Qh2+ Kg5 55. Qxe5 1-0

[Event "Early-Titled-Tuesday-Blitz-July-09-2024"]
[Site "Chess.com"]
[Date "2024.07.09"]
[Round "3"]
[White "AndresDelgado77"]
[Black "VacheH009"]
[Result "0-1"]
[WhiteElo "2336"]
[BlackElo "2526"]
[TimeControl "180+1"]
[EndTime "8:30:27 PDT"]
[Termination "VacheH009 won on time"]

1. e4 e5 2. Nc3 Nc6 3. Bc4 d6 4.
d3 Be6 5. Nge2 Bxc4 6. dxc4 Nge7 7. Be3 g6 8. Qd2 Bg7 9. O-O-O Qd7 10. Nd5 O-O-O 11.
Bg5 h6 12. Be3 f5 13. Nxe7+ Qxe7 14. exf5 gxf5 15. f3 Qf6 16. Nc3 Rhe8 17. Nd5 Qg6 18.
Kb1 Kb8 19. b4 Ne7 20. Bxa7+ Kxa7 21. Nxc7 Rf8 22. Nb5+ Kb8 23. Nxd6 Nc8 24. c5 Nxd6 25. cxd6 Rd7 26. c4 Qf6 27. Qc3 Rxd6 28. c5 Rxd1+ 29. Rxd1 Rd8 30. Rxd8+ Qxd8 31. f4 Qd1+ 32. Kb2 Qe2+ 33.
Kb3 Qxg2 34. fxe5 Qd5+ 35. Qc4 Qxe5 36. Qg8+ Ka7 37. Qf7 Qb2+ 38. Ka4 Bc3 39. Qb3 Qxb3+ 40. Kxb3 Be5 41. Kc4 Bxh2 42. Kd5 Bc7 43. b5 h5 44. b6+ Bxb6 45. cxb6+ Kxb6 46. Ke5 h4 47. Kf4 Kb5 48.
Kf3 Ka4 49. Kg2 f4 50. Kf3 h3 0-1

[Event "Early-Titled-Tuesday-Blitz-July-09-2024"]
[Site "Chess.com"]
[Date "2024.07.09"]
[Round "3"]
[White "Javokhir_Sindarov05"]
[Black "GothamChess"]
[Result "1-0"]
[WhiteElo "3089"]
[BlackElo "2753"]
[TimeControl "180+1"]
[EndTime "8:30:29 PDT"]
[Termination "Javokhir_Sindarov05 won by checkmate"]

1. e4 d5 2. exd5 Qxd5 3. Nc3 Qa5 4. d4 Nf6 5. Nf3 Bf5 6. Ne5 c6 7. Bc4 e6 8. g4 Bg6 9. h4 Nbd7 10. Nxd7 Nxd7 11. h5 Be4 12. O-O Bd5 13. Nxd5 cxd5 14. Bd3 O-O-O 15. Qf3 Bd6 16. Qxf7 Rde8 17. Qf3 g6 18. Be3 gxh5 19. g5 h4 20. c4 dxc4 21.
Be4 Qc7 22. Rac1 Kb8 23. Qe2 Nb6 24. a4 Rc8 25. Kh1 Nd5 26. Qg4 Qf7 27. Qxh4 Qe8 28. Rg1 Qxa4 29. Qg4 Rce8 30. Bd2 Rhf8 31. Qe2 Qb3 32.
Be3 Rf4 33. Rg4 Rxg4 34. Qxg4 Nxe3 35. fxe3 Qxb2 36. Rc2 Qb1+ 37. Kg2 Rf8 38. Rf2 Rxf2+ 39. Kxf2 Qb2+ 40. Kf3 Qb6 41. Qxe6 Qc7 42. Bxh7 Qxh7 43.
Qxd6+ Kc8 44. Qe6+ Kd8 45. g6 Qh1+ 46. Kf4 Qh2+ 47. Kg5 Qg3+ 48. Kh6 c3 49. g7 Qh4+ 50. Kg6 Qg3+ 51. Kh7 Qh4+ 52. Kg6 Qg3+ 53. Kf6 Qh4+ 54. Kf7 c2 55. g8=Q+ Kc7 56. Qgc8# 1-0

[Event "Early-Titled-Tuesday-Blitz-July-09-2024"]
[Site "Chess.com"]
[Date "2024.07.09"]
[Round "3"]
[White "Tol_Tol"]
[Black "Sic_Transit_GM"]
[Result "0-1"]
[WhiteElo "2355"]
[BlackElo "2591"]
[TimeControl "180+1"]
[EndTime "8:30:29 PDT"]
[Termination "Sic_Transit_GM won on time"]

1. d4 d5 2. c4 e6 3. Nc3 c6 4. Nf3 dxc4 5. a4 Bb4 6. e3 b5 7. Bd2 a5 8. axb5 Bxc3 9. Bxc3 cxb5 10. b3 Bb7 11. bxc4 b4 12. Bb2 Be4 13. Nd2 Bg6 14. c5 Ne7 15. Nc4 O-O 16. Nb6 Ra7 17. Bc4 Nd7 18. Na4 Qc8 19. O-O Qc6 20. Qe2 Rb8 21. Bb3 Be4 22. f3 Bd5 23. Bc2 b3 24. Bb1 Rb4 25.
Nc3 Bc4 26. Qd2 Bxf1 27. Kxf1 Nd5 28. e4 Nxc3 29. Bxc3 Ra4 30. Bd3 Rxa1+ 31. Bxa1 a4 32. Qb4 Qb7 33. Qa3 Nb8 34. Bb2 Nc6 35. d5 exd5 36.
exd5 Nb4 37. Be4 Nxd5 38. Qa1 Ne3+ 39. Kf2 Nc2 40. Qc1 Qc7 41. Qg5 f6 42. Qd5+ Kf8 43. Bxh7 a3 44. Qg8+ Ke7 45. Qxg7+ Ke6 46. Qxf6+ Kd5 47.
Bg8+ Kxc5 48. Qf8+ Kb5 0-1

[Event "Early-Titled-Tuesday-Blitz-July-09-2024"]
[Site "Chess.com"]
[Date "2024.07.09"]
[Round "3"]
[White "juancruzarias"]
[Black "Nitzan_Steinberg"]
[Result "1-0"]
[WhiteElo "2703"]
[BlackElo "2869"]
[TimeControl "180+1"]
[EndTime "8:30:30 PDT"]
[Termination "juancruzarias won by resignation"]

1. d4 Nf6 2. c4 e6 3. g3 d5 4. Bg2 Bb4+ 5. Nd2 O-O 6. Nf3 dxc4 7. Qc2 b5 8. a4 c6 9. axb5 cxb5 10. Ng5 h6 11. h4 g6 12. Nxf7 Rxf7 13. Bxa8 Qxd4 14. O-O Bc5 15. Nf3 Qg4 16. Bf4 Nbd7 17. Nh2 Qf5 18. e4 Qh5 19. Qd1 e5 20. Qxh5 Nxh5 21. Bxh6 Nb6 22.
Be3 Nxg3 23. Bxc5 Nxf1 24. Nxf1 Nxa8 25. Bxa7 Nc7 26. Ne3 Bb7 27. Bb8 Ne6 28. Bxe5 Bxe4 29. Ng4 Kh7 30. Nf6+ Rxf6 31. Bxf6 Kh6 32. Ra7 Kh5 33. Kh2 Kg4 34. Re7 Kf5 35. Bg5 Nd4 36.
Kg3 Ne2+ 37. Kh2 Nd4 38. Rf7+ Ke6 39. Rf6+ Kd5 40. Kg3 b4 41. Be3 Nf5+ 42. Kf4 c3 43. bxc3 bxc3 44. h5 c2 45. Bc1 gxh5 46. Rxf5+ Bxf5 47. Kxf5 h4 48. Kg4 Ke4 49. f3+ Kd3 50. Kxh4 Ke2 51.
Kg4 Kd1 52. Ba3 1-0

[Event "Early-Titled-Tuesday-Blitz-July-09-2024"]
[Site "Chess.com"]
[Date "2024.07.09"]
[Round "3"]
[White "Sychev_Klementy"]
[Black "GelmanAlexander"]
[Result "1/2-1/2"]
[WhiteElo "2943"]
[BlackElo "2728"]
[TimeControl "180+1"]
[EndTime "8:30:31 PDT"]
[Termination "Game drawn by repetition"]

1. e4 c5 2. Nf3 e6 3. c3 b6 4. d4 Bb7 5. Bd3 Nf6 6. Qe2 d5 7. e5 Nfd7 8. h4 h6 9. h5 Nc6 10. a3 Qc7 11. O-O O-O-O 12. a4 Kb8 13. Na3 c4 14. Bc2 a6 15. Bd2 Na5 16. Rfb1 Rc8 17. b4 cxb3 18. Bxb3 Bxa3 19. Rxa3 Nc4 20. Ra2 Nxd2 21.
Qxd2 Qxc3 22. Qf4 Rhf8 23. Qg4 Rg8 24. Qf4 Qd3 25. Rab2 Qf5 26. Qxf5 exf5 27. Bc2 g6 28. hxg6 fxg6 29. g3 Rge8 30. Kg2 Re6 31. Rh1 Rh8 32. Ng5 Re7 33. Bd3 Ka7 34. Nf3 Bc6 35. Nh4 Nf8 36. Rc1 Bxa4 37. Rc8 Kb7 38. Rd8 Re8 39. Rd6 b5 40.
Rxd5 Rh7 41. Rd6 Rc7 42. Be2 Re6 43. Bf3+ Kc8 44. Rxe6 Nxe6 45. d5 Nd4 46. Nxg6 Rc5 47. d6 Kd7 48. Rd2 Nxf3 49. Kxf3 b4 50. Nf8+ Ke8 51. Ng6 Bc6+ 52. Ke3 Kf7 53. d7 Bxd7 54. Nh8+ Kg8 55. Rxd7 Kxh8 56. Kf4 Kg8 57. Kxf5 b3 58. Kf6 b2 59. Rd8+ Kh7 60. Rd7+ Kg8 61. Rd8+ Kh7 62. Rd7+ Kg8 1/2-1/2

[Event "Early-Titled-Tuesday-Blitz-July-09-2024"]
[Site "Chess.com"]
[Date "2024.07.09"]
[Round "3"]
[White "PositionalPanther"]
[Black "JaloliddinIlkhomi"]
[Result "1-0"]
[WhiteElo "2492"]
[BlackElo "2710"]
[TimeControl "180+1"]
[EndTime "8:30:31 PDT"]
[Termination "PositionalPanther won by resignation"]

1. e4 e6 2. d4 d5 3. exd5 exd5 4. Nc3 c6 5. Bf4 Bd6 6. Qd2 Ne7 7. Bd3 Bf5 8. Nge2 O-O 9. O-O-O Bxf4 10. Qxf4 Bxd3 11. Rxd3 Nd7 12. h4 Ng6 13. Qd2 Nb6 14. b3 h5 15. Ng3 Qd7 16. f3 Rae8 17. Nxh5 Qe7 18. g3 Nc4 19. bxc4 dxc4 20. Ne4 cxd3 21. Qxd3 f5 22. Ng5 Qe3+ 23. Qxe3 Rxe3 24. Nf4 Nxf4 25. gxf4 Rfe8 26. Kb2 Re2 27. h5 Rd2 28. h6 gxh6 29.
Rxh6 Ree2 30. Rg6+ Kf8 31. Rf6+ Ke7 32. Rxf5 Rxc2+ 33.
Kb3 Rb2+ 34. Kc3 Rxa2 35. Re5+ Kd7 36. Kd3 Red2+ 37. Ke4 Ra4 38. Ne6 Kd6 39. Kf5 Rd3 40. Nc5 Raxd4 41. Nxb7+ Kc7 42. Nc5 Rd1 43. Ne6+ Kd6 44.
Nxd4 Rxd4 45. Re8 a5 46. Ra8 Ra4 47. Kg5 Ra1 48. f5 a4 49. f6 Ke6 50. Re8+ Kf7 51.
Re7+ Kf8 52. Kf5 a3 53. Ra7 a2 54. Ra8+ Kf7 55. Ra7+ Ke8 56. f4 Kf8 57. Ra8+ Kf7 58. Ra7+ Ke8 59. f7+ Kf8 60. Kf6 1-0

[Event "Early-Titled-Tuesday-Blitz-July-09-2024"]
[Site "Chess.com"]
[Date "2024.07.09"]
[Round "3"]
[White "Dedic8"]
[Black "Ordekalog"]
[Result "1-0"]
[WhiteElo "2979"]
[BlackElo "2721"]
[TimeControl "180+1"]
[EndTime "8:30:32 PDT"]
[Termination "Dedic8 won by checkmate"]

1. d4 d5 2. c4 e6 3. Nf3 c5 4.
cxd5 exd5 5. Nc3 Nc6 6. g3 Nf6 7. Bg2 Be7 8. O-O O-O 9. Bg5 cxd4 10. Nxd4 h6 11. Bxf6 Bxf6 12. e3 Nxd4 13. exd4 Be6 14. Qb3 Bxd4 15. Bxd5 Bh3 16. Rfd1 Qf6 17. Ne4 Qe5 18.
Rd2 Rad8 19. Bxb7 Rb8 20. Rad1 Bg4 21. Re1 Be6 22. Qa4 Rfd8 23. Ba6 f5 24. Red1 fxe4 25.
Rxd4 Rxd4 26. Qxd4 Qxd4 27. Rxd4 Rxb2 28. Bf1 Rxa2 29.
Rxe4 Bf7 30. Re7 Ra1 31. Rd7 a5 32. Kg2 g5 33. Bd3 a4 34. Bh7+ Kg7 35. Be4 Kf6 36. Bd5 Bxd5+ 37. Rxd5 a3 38. Ra5 h5 39. Kf3 Kg6 40. h3 Kf6 41. Ra6+ Kg7 42. Ke4 h4 43. g4 Ra2 44. Kf5 Rxf2+ 45. Kxg5 a2 46.
Kxh4 Kf7 47. Kh5 Kg7 48. Ra7+ Kf6 49. g5+ Kf5 50. h4 Rh2 51. Ra5+ Ke6 52. g6 Kf6 53.
Ra6+ Kg7 54. Ra7+ Kg8 55. Kg5 Rg2+ 56. Kh6 Rh2 57. Ra8# 1-0

[Event "Early-Titled-Tuesday-Blitz-July-09-2024"]
[Site "Chess.com"]
[Date "2024.07.09"]
[Round "3"]
[White "shimastream"]
[Black "Brown_Bear_MGL"]
[Result "0-1"]
[WhiteElo "2897"]
[BlackElo "2633"]
[TimeControl "180+1"]
[EndTime "8:30:32 PDT"]
[Termination "Brown_Bear_MGL won by checkmate"]

1. e4 c6 2. d4 d5 3. e5 Bf5 4. h4 h5 5. Bd3 Bxd3 6. Qxd3 Qa5+ 7. b4 Qb5 8. Nd2 e6 9. Rb1 Nh6 10. Ne2 Nf5 11. a4 Qxa4 12. Nc3 Qa6 13. b5 Qb6 14. Nf3 c5 15. O-O Nxd4 16. Nxd4 cxd4 17. Na4 Qc7 18. b6 axb6 19. Nxb6 Ra6 20. Qb5+ Nc6 21. Bg5 Ba3 22. Rb3 O-O 23. f4 Ra5 24. Qe2 d3 25. Qxh5 Bc5+ 26. Kh1 f6 27. exf6 Qf7 28. Qg4 Bxb6 29.
Rxd3 Bd8 30. fxg7 Re8 31. Rg3 Ra4 32. Rff3 Ne5 33. fxe5 Rxg4 34. Rxg4 Qg6 35. Rfg3 Qxc2 36. Kh2 Qb1 37. h5 Qh7 38. Rh4 Bxg5 39. Rxg5 Qh6 40.
Rg6 Qe3 41. h6 Kh7 42. Rg3 Qxe5 43. Kh3 Rg8 44. Rgg4 Qf5 45. g3 e5 46. Kh2 e4 47.
Rf4 Qe6 48. Rf8 e3 49. Rhf4 e2 50. Rxg8 Qxg8 51. Rf6 Qe8 52. g4 e1=Q 53. Rf8 Qh4+ 54. Kg2 Qe2+ 55. Kg1 Qg3+ 56. Kh1 Qgg2# 0-1

[Event "Early-Titled-Tuesday-Blitz-July-09-2024"]
[Site "Chess.com"]
[Date "2024.07.09"]
[Round "3"]
[White "ShahMatKanal"]
[Black "krzyzan94"]
[Result "1/2-1/2"]
[WhiteElo "2562"]
[BlackElo "2782"]
[TimeControl "180+1"]
[EndTime "8:30:32 PDT"]
[Termination "Game drawn by repetition"]

1. d4 Nf6 2. Nf3 g6 3. c4 d6 4. Nc3 Bf5 5. Qb3 Qc8 6. g3 Bg7 7. Bg2 Nc6 8. d5 Nb8 9. Nh4 Bd7 10. O-O O-O 11. e4 Na6 12. f4 Nc5 13. Qc2 a5 14.
Be3 b6 15. f5 Ng4 16. Bg5 Bd4+ 17. Kh1 f6 18. Bc1 g5 19. Qe2 Ne5 20. Nf3 Nxf3 21.
Bxf3 Kh8 22. Be3 Be5 23. h4 gxh4 24. gxh4 Rg8 25. Rg1 Qf8 26. Rxg8+ Qxg8 27. Rg1 Qf8 28. Qd2 Qf7 29. Bh6 Rg8 30. Rg4 Rxg4 31. Bxg4 Qg8 32. Qe2 Be8 33. Nb5 Bxb5 34. cxb5 Nd3 35. b3 Nf4 36. Bxf4 Bxf4 37. Qf3 Be5 38. a4 Qg7 39.
Bh5 Qh6 40. Kg2 Qd2+ 41. Qe2 Qc3 42. Qf3 Qc2+ 43. Kh3 Qh2+ 44. Kg4 Kg7 45. Be8 Qg1+ 46. Kh5 Kf8 47. Bd7 Qg7 48. Be6 Bd4 49. Qg4 Be5 50.
Qxg7+ Kxg7 51. Kg4 Kh6 52. Bd7 Kg7 53. Bc6 Bd4 54. Bd7 Bc5 55. Bc6 Bb4 56. Bd7 Bc3 57.
Bc6 Bd4 58. Bd7 Bc5 59. Bc6 Bd4 1/2-1/2

[Event "Early-Titled-Tuesday-Blitz-July-09-2024"]
[Site "Chess.com"]
[Date "2024.07.09"]
[Round "3"]
[White "klimkoj"]
[Black "Karttunen"]
[Result "1-0"]
[WhiteElo "2883"]
[BlackElo "2682"]
[TimeControl "180+1"]
[EndTime "8:30:33 PDT"]
[Termination "klimkoj won by resignation"]

1. e4 e5 2. Nf3 Nc6 3. Bb5 a6 4. Ba4 Nf6 5. d3 b5 6. Bb3 Bc5 7. O-O d6 8. c3 Bb6 9. Bg5 h6 10.
Bh4 g5 11. Bg3 O-O 12. Nbd2 Bg4 13. Re1 Ne7 14. Nf1 Ng6 15. Ne3 Bxe3 16. fxe3 Be6 17.
Rf1 c5 18. Bc2 Kg7 19. Qe2 Rb8 20. h3 b4 21. c4 Qd7 22. Nh2 h5 23. Rxf6 Kxf6 24.
Qxh5 Kg7 25. Qxg5 f6 26. Qh5 a5 27. Rf1 a4 28. Bd1 Rh8 29. Qe2 b3 30. a3 f5 31.
exf5 Bxf5 32. d4 cxd4 33. exd4 Rbe8 34. Qe3 Qa7 35. c5 Bc2 36. Bg4 dxc5 37. dxc5 Rhf8 38.
Re1 Nf4 39. Nf3 Nd3 40. Qg5+ Kh8 41. Nxe5 Nxe1 42. Kh2 Qg7 43. Qd2 Nd3 44. Nxd3 Rd8 45. Bd6 Rxd6 46. cxd6 Bxd3 47. Qxd3 Qe5+ 48. Qg3 Qxg3+ 49.
Kxg3 Rd8 50. d7 Kg7 51. Kf4 Kf6 52. h4 Ke7 53. h5 Rf8+ 54. Bf5 Rg8 55. g4 Rb8 56. h6 Rb4+ 57. axb4 a3 58. bxa3 b2 59.
Bb1 1-0

[Event "Early-Titled-Tuesday-Blitz-July-09-2024"]
[Site "Chess.com"]
[Date "2024.07.09"]
[Round "3"]
[White "Irina_Mikhaylova"]
[Black "WPWPWP-2015"]
[Result "1-0"]
[WhiteElo "2395"]
[BlackElo "2545"]
[TimeControl "180+1"]
[EndTime "8:30:34 PDT"]
[Termination "Irina_Mikhaylova won by resignation"]

1. d4 d5 2. Nf3 Nf6 3. c4 c6 4.
cxd5 cxd5 5. Nc3 Nc6 6. Bf4 a6 7. Rc1 Bg4 8. Ne5 e6 9. Nxg4 Nxg4 10. e4 Nf6 11. e5 Ne4 12. Bd3 Bb4 13. O-O Nxc3 14.
bxc3 Ba3 15. Rc2 b5 16. Qg4 g6 17. Bh6 Qe7 18. h4 Qd7 19. Bg7 Rg8 20. Bf6 h5 21. Qe2 Ne7 22. Rb1 Rc8 23. Rb3 Bc5 24. dxc5 Nf5 25.
a4 bxa4 26. Rb6 Kf8 27. Bxa6 d4 28. Rd6 Nxd6 29. exd6 Ra8 30. Bb5 Qb7 31. c6 Qb6 32. Bxd4 Qd8 33. d7 a3 34. Be5 Ra7 35. Ra2 f6 36. c7 Rxc7 37. Bxc7 Qxc7 38. Qd2 Ke7 39. Rxa3 Rd8 40. c4 e5 41. Rd3 Qc5 42. Rd5 Qa3 43. Kh2 e4 44. Qe3 Kf7 45. Qxa3 e3 46.
fxe3 f5 47. Rxf5+ gxf5 48. Qd6 Rg8 49. c5 f4 50. Qxf4+ Ke7 51. Qg5+ Ke6 52. Qxg8+ Kf5 53.
Qf7+ Ke4 54. Qf4+ Kd5 55. d8=Q+ Kxc5 56. Qdd4+ Kxb5 57. Qfe5+ Kc6 58. Qdd6+ 1-0